 Dungeon Crawl Stone Soup version 0.16-a0-231-g3d5c238 (webtiles) character file.

81 MRaven the Ruinous (level 4, -2/24 HPs)
             Began as a Deep Elf Conjurer on Aug 21, 2014.
             Killed from afar by Sigmund (5 damage)
             ... with a magic dart
             ... on Level 2 of the Dungeon.
             The game lasted 00:17:11 (2720 turns).

MRaven the Ruinous (Deep Elf Conjurer)              Turns: 2720, Time: 00:17:11

HP  -2/24        AC  2     Str  5      XL: 4   Next: 19%
MP   7/13        EV 13     Int 21      God:
Gold 85          SH  0     Dex 15      Spells:  2 memorised,  6 levels left

rFire  . . .     SeeInvis .     m - +3 dagger (drain)
rCold  . . .     Clarity  .     a - +0 robe
rNeg   . . .     rCorr    .     (no shield)
rPois  +         rRot     .     (no helmet)
rElec  .         Spirit   .     (no cloak)
SustAb .         Warding  .     (no gloves)
rMut   .         Stasis   .     (no boots)
Gourm  .                        (no amulet)
MR     +....                    r - ring of poison resistance
                                f - ring of protection from magic

@: somewhat resistant to hostile enchantments, unstealthy
A: no striking features
a: no special abilities


You were on level 2 of the Dungeon.
You were not hungry.

You visited 1 branch of the dungeon, and saw 2 of its levels.

You collected 85 gold pieces.

Inventory:

Hand weapons
 m - a +3 dagger of draining (weapon)
Missiles
 h - 15 poisoned needles
Armour
 a - a +0 robe (worn)
 j - a cursed +0 leather armour
Comestibles
 b - a bread ration
 p - 2 slices of pizza
Scrolls
 e - a scroll of teleportation
 g - a scroll of identify
Jewellery
 d - an uncursed amulet of stasis
 f - a ring of protection from magic (left hand)
 i - an uncursed ring of sustain abilities
 k - an uncursed ring of protection from magic
 r - a ring of poison resistance (right hand)
Potions
 l - a potion of curing
 n - a potion of restore abilities
 o - a potion of might {unknown}
 s - 2 potions of magic {unknown}
Books
 c - a book of Conjurations

   Spells                             Type                      Level
   *Magic Dart                        Conjuration                  1
   *Searing Ray                       Conjuration                  2
   Dazzling Spray                     Conjuration/Hexes            3
   Fulminant Prism                    Conjuration/Hexes            4
   Iskenderun's Mystic Blast          Conjuration                  4
   Iskenderun's Battlesphere          Conjuration/Charms           5


   Skills:
 - Level 2.4 Dodging
 - Level 2.4 Stealth
 - Level 3.4 Spellcasting
 * Level 6.1 Conjurations


You had 6 spell levels left.
You knew the following spells:

 Your Spells              Type           Power        Failure   Level  Hunger
a - Magic Dart            Conj           ####         1%          1    None
b - Searing Ray           Conj           ####..       1%          2    ##.....


Dungeon Overview and Level Annotations

Branches:
Dungeon (2/15)

Altars:
Gozag

Annotations:
D:2 Sigmund


Message History

Confirm with . or Enter, or press ? or * to list all spells.
Aiming: Magic Dart
Press: ? - help, Shift-Dir - straight line, f/p - Sigmund
Aim: Sigmund, wielding a scythe, wearing a runed robe and carrying a wand of frost {zapped: 3} (moderately wounded)
The magic dart hits Sigmund.
Sigmund is moderately wounded.
Casting: Magic Dart
Confirm with . or Enter, or press ? or * to list all spells.
Aiming: Searing Ray
Press: ? - help, Shift-Dir - straight line, f/p - Sigmund
Aim: Sigmund, wielding a scythe, wearing a runed robe and carrying a wand of frost {zapped: 3} (moderately wounded)
The searing ray hits Sigmund.
Sigmund is heavily wounded.
Sigmund zaps a wand.
The puff of frost hits you!
* * * LOW HITPOINT WARNING * * *
The searing ray hits Sigmund.
Sigmund is severely wounded.
Sigmund points at you and mumbles some strange words.
The magic dart hits you!
You die...

......##PP##...≈≈≈≈........≈≈≈P..
......###PP.##.≈≈≈≈#......#≈≈P.##
......# ##.##..≈≈.###....###≈..P.
......# ###.##≈≈..#......#....##
......##############......######
............# #.....)....#
##'##.#####.## #..........#
<#.##.# #..# #..........# .'.##.#
##.# #@.........#
.####.######.###..........# .#
#.........##..........# ##
#.........##..@.......# ###
##.........#..........# ..#
#########.#..........# ..# #####
#.#..........### ..# #...#
#.#....).......# ..#
#...#####).######.####.#


You could see Sigmund.

Vanquished Creatures
  3 adders (D:2)
  2 worms (D:2)
  3 giant geckos
  A giant cockroach (D:1)
  4 hobgoblins (D:2)
  3 jackals (D:2)
  6 bats
  2 giant newts (D:2)
  8 goblins
  6 kobolds
  5 rats
43 creatures vanquished.

Notes
Turn   | Place    | Note
--------------------------------------------------------------
     0 | D:1      | MRaven, the Deep Elf Conjurer, began the quest for the Orb.
     0 | D:1      | Reached XP level 1. HP: 10/10 MP: 5/5
   213 | D:1      | Reached XP level 2. HP: 15/15 MP: 3/8
   260 | D:1      | Learned a level 2 spell: Searing Ray
   568 | D:1      | Reached skill level 5 in Conjurations
   975 | D:2      | Found an opulent altar of Gozag.
  1007 | D:2      | Reached XP level 3. HP: 17/19 MP: 8/11
  1468 | D:2      | Noticed Sigmund
  2321 | D:2      | Reached skill level 6 in Conjurations
  2321 | D:2      | Reached XP level 4. HP: 24/24 MP: 10/13
  2720 | D:2      | Killed from afar by Sigmund

Action                   |  1- 3 |  4- 6 || total
-------------------------+-------+-------++-------
Melee: Dagger            |       |     2 ||     2
 Cast: Magic Dart        |    75 |    14 ||    89
       Searing Ray       |     1 |     1 ||     2
  Use: Scroll            |     9 |       ||     9
       Potion            |       |     1 ||     1
  Eat: Chunk             |     4 |     1 ||     5
